Unix NetHack Version 3.7.0-66 Work-in-progress - last build Dec 26 2022 05:50:31 (55254d10815e23f0e7c0ebc937178fe17f3ffff8,branch:master).

Game began 2022-12-26 22:26:47, ended 2022-12-31 12:58:07.

spontiff, neutral male gnomish Healer

  
unexplored area
unexplored area
unexplored area
unexplored area
unexplored area
unexplored area
unexplored area
unexplored area
unexplored area
unexplored area
unexplored area
unexplored area
unexplored area
unexplored area
unexplored area
unexplored area
unexplored area
unexplored area
unexplored area
unexplored area
unexplored area
unexplored area
unexplored area
unexplored area
unexplored area
unexplored area
unexplored area
unexplored area
unexplored area
unexplored area
unexplored area
unexplored area
unexplored area
unexplored area
unexplored area
unexplored area
unexplored area
unexplored area
unexplored area
unexplored area
unexplored area
unexplored area
unexplored area
unexplored area
unexplored area
unexplored area
unexplored area
unexplored area
unexplored area
unexplored area
unexplored area
unexplored area
unexplored area
unexplored area
unexplored area
unexplored area
unexplored area
unexplored area
unexplored area
unexplored area
unexplored area
unexplored area
unexplored area
unexplored area
unexplored area
unexplored area
unexplored area
unexplored area
unexplored area
unexplored area
unexplored area
unexplored area
unexplored area
unexplored area
unexplored area
unexplored area
unexplored area
unexplored area
unexplored area
unexplored area
unexplored area
unexplored area
unexplored area
unexplored area
unexplored area
unexplored area
unexplored area
unexplored area
unexplored area
unexplored area
unexplored area
unexplored area
unexplored area
unexplored area
unexplored area
unexplored area
unexplored area
unexplored area
unexplored area
unexplored area
unexplored area
unexplored area
wall
wall
wall
wall
wall
wall
wall
wall
wall
wall
wall
wall
wall
stone
stone
stone
unexplored area
wall
wall
wall
wall
wall
wall
wall
wall
unexplored area
unexplored area
unexplored area
unexplored area
unexplored area
unexplored area
unexplored area
unexplored area
unexplored area
unexplored area
unexplored area
unexplored area
unexplored area
unexplored area
unexplored area
unexplored area
unexplored area
unexplored area
unexplored area
unexplored area
unexplored area
unexplored area
unexplored area
unexplored area
unexplored area
unexplored area
unexplored area
unexplored area
unexplored area
unexplored area
unexplored area
unexplored area
unexplored area
unexplored area
wall
wall
wall
wall
wall
wall
wall
wall
wall
wall
wall
unexplored area
unexplored area
unexplored area
unexplored area
unexplored area
unexplored area
unexplored area
stone
stone
wall
.dark part of a room
.dark part of a room
.dark part of a room
.dark part of a room
.dark part of a room
.dark part of a room
.dark part of a room
.dark part of a room
.dark part of a room
.dark part of a room
.dark part of a room
.doorway
corridor
corridor
stone
stone
wall
.dark part of a room
.dark part of a room
.dark part of a room
.dark part of a room
.dark part of a room
.dark part of a room
wall
unexplored area
unexplored area
unexplored area
unexplored area
unexplored area
unexplored area
unexplored area
unexplored area
unexplored area
unexplored area
unexplored area
unexplored area
unexplored area
unexplored area
unexplored area
unexplored area
unexplored area
unexplored area
unexplored area
unexplored area
unexplored area
unexplored area
unexplored area
unexplored area
unexplored area
unexplored area
unexplored area
unexplored area
unexplored area
unexplored area
unexplored area
unexplored area
unexplored area
unexplored area
wall
.dark part of a room
.dark part of a room
.dark part of a room
>staircase down
.dark part of a room
.dark part of a room
.dark part of a room
.dark part of a room
.dark part of a room
wall
stone
stone
stone
stone
stone
stone
stone
stone
corridor
.doorway
.dark part of a room
.dark part of a room
.dark part of a room
.dark part of a room
.dark part of a room
.dark part of a room
.dark part of a room
.dark part of a room
.dark part of a room
.dark part of a room
.dark part of a room
wall
stone
corridor
corridor
stone
wall
.dark part of a room
.dark part of a room
.dark part of a room
.dark part of a room
.dark part of a room
.dark part of a room
wall
stone
stone
stone
unexplored area
unexplored area
unexplored area
unexplored area
unexplored area
unexplored area
unexplored area
unexplored area
unexplored area
unexplored area
unexplored area
unexplored area
unexplored area
unexplored area
unexplored area
unexplored area
unexplored area
unexplored area
unexplored area
unexplored area
unexplored area
unexplored area
unexplored area
unexplored area
unexplored area
unexplored area
unexplored area
unexplored area
unexplored area
unexplored area
unexplored area
wall
.dark part of a room
.dark part of a room
.dark part of a room
.dark part of a room
.dark part of a room
.dark part of a room
.dark part of a room
.dark part of a room
.dark part of a room
-open door
corridor
corridor
corridor
corridor
corridor
corridor
corridor
corridor
corridor
wall
.dark part of a room
.dark part of a room
.dark part of a room
.dark part of a room
.dark part of a room
.dark part of a room
.dark part of a room
.dark part of a room
.dark part of a room
.dark part of a room
.dark part of a room
wall
stone
stone
corridor
corridor
.doorway
.dark part of a room
.dark part of a room
.dark part of a room
.dark part of a room
.dark part of a room
.dark part of a room
.doorway
corridor
corridor
stone
unexplored area
unexplored area
unexplored area
wall
wall
wall
wall
wall
wall
wall
wall
wall
wall
unexplored area
unexplored area
unexplored area
unexplored area
unexplored area
unexplored area
unexplored area
unexplored area
unexplored area
unexplored area
unexplored area
unexplored area
unexplored area
unexplored area
unexplored area
unexplored area
unexplored area
unexplored area
wall
.dark part of a room
^anti-magic field
.dark part of a room
.dark part of a room
.dark part of a room
.dark part of a room
.dark part of a room
.dark part of a room
.dark part of a room
wall
stone
stone
stone
stone
stone
stone
stone
corridor
corridor
wall
wall
wall
wall
wall
wall
wall
wall
wall
.broken door
wall
wall
wall
unexplored area
stone
stone
corridor
wall
.dark part of a room
.dark part of a room
.dark part of a room
.dark part of a room
.dark part of a room
.dark part of a room
wall
stone
corridor
stone
stone
stone
unexplored area
wall
)a cursed bow
.dark part of a room
_neutral altar
.dark part of a room
.dark part of a room
.dark part of a room
.dark part of a room
.dark part of a room
wall
unexplored area
unexplored area
unexplored area
unexplored area
unexplored area
unexplored area
unexplored area
unexplored area
unexplored area
unexplored area
unexplored area
unexplored area
unexplored area
unexplored area
unexplored area
unexplored area
unexplored area
unexplored area
wall
wall
wall
wall
wall
wall
wall
|open door
wall
wall
wall
unexplored area
unexplored area
unexplored area
unexplored area
unexplored area
unexplored area
stone
stone
corridor
corridor
stone
unexplored area
unexplored area
unexplored area
unexplored area
unexplored area
unexplored area
stone
corridor
stone
unexplored area
unexplored area
unexplored area
unexplored area
stone
corridor
wall
.dark part of a room
.dark part of a room
.dark part of a room
.dark part of a room
.dark part of a room
.dark part of a room
wall
stone
corridor
corridor
corridor
stone
stone
wall
.dark part of a room
.dark part of a room
.dark part of a room
.dark part of a room
_chaotic altar
.dark part of a room
.dark part of a room
.dark part of a room
wall
unexplored area
unexplored area
unexplored area
unexplored area
unexplored area
unexplored area
unexplored area
wall
wall
wall
wall
wall
wall
wall
unexplored area
unexplored area
unexplored area
unexplored area
unexplored area
unexplored area
unexplored area
unexplored area
unexplored area
unexplored area
stone
corridor
stone
stone
unexplored area
unexplored area
unexplored area
unexplored area
unexplored area
unexplored area
unexplored area
unexplored area
stone
corridor
corridor
stone
stone
unexplored area
unexplored area
unexplored area
unexplored area
unexplored area
stone
corridor
stone
unexplored area
unexplored area
unexplored area
unexplored area
stone
corridor
wall
.dark part of a room
.dark part of a room
.dark part of a room
.dark part of a room
.dark part of a room
.dark part of a room
wall
stone
stone
stone
corridor
corridor
corridor
.doorway
_lawful altar
.dark part of a room
.dark part of a room
.dark part of a room
.dark part of a room
.dark part of a room
.dark part of a room
.dark part of a room
wall
unexplored area
unexplored area
unexplored area
unexplored area
unexplored area
unexplored area
unexplored area
wall
.dark part of a room
.dark part of a room
.dark part of a room
.dark part of a room
.dark part of a room
wall
unexplored area
unexplored area
unexplored area
unexplored area
unexplored area
unexplored area
unexplored area
unexplored area
unexplored area
unexplored area
stone
corridor
corridor
stone
stone
stone
stone
unexplored area
unexplored area
unexplored area
unexplored area
unexplored area
stone
corridor
corridor
corridor
stone
stone
stone
stone
stone
stone
stone
corridor
stone
unexplored area
unexplored area
unexplored area
unexplored area
stone
corridor
wall
wall
wall
wall
wall
wall
wall
wall
unexplored area
unexplored area
stone
stone
stone
stone
wall
.dark part of a room
.dark part of a room
.dark part of a room
.dark part of a room
.dark part of a room
.dark part of a room
.dark part of a room
.dark part of a room
wall
unexplored area
unexplored area
unexplored area
unexplored area
unexplored area
stone
stone
wall
.dark part of a room
.dark part of a room
.dark part of a room
.dark part of a room
.dark part of a room
wall
unexplored area
unexplored area
unexplored area
unexplored area
unexplored area
unexplored area
unexplored area
unexplored area
unexplored area
unexplored area
stone
stone
corridor
corridor
corridor
corridor
stone
stone
stone
stone
unexplored area
unexplored area
stone
corridor
stone
corridor
corridor
corridor
corridor
corridor
corridor
stone
stone
corridor
stone
unexplored area
unexplored area
unexplored area
unexplored area
stone
corridor
stone
unexplored area
unexplored area
unexplored area
unexplored area
unexplored area
unexplored area
unexplored area
unexplored area
unexplored area
unexplored area
unexplored area
unexplored area
unexplored area
wall
wall
wall
wall
.doorway
wall
wall
wall
wall
wall
unexplored area
unexplored area
unexplored area
unexplored area
unexplored area
stone
corridor
-open door
.dark part of a room
.dark part of a room
.dark part of a room
.dark part of a room
.dark part of a room
wall
unexplored area
unexplored area
unexplored area
unexplored area
unexplored area
unexplored area
unexplored area
unexplored area
unexplored area
unexplored area
unexplored area
stone
stone
stone
stone
corridor
corridor
corridor
corridor
stone
unexplored area
unexplored area
stone
corridor
stone
stone
stone
stone
stone
stone
corridor
corridor
corridor
corridor
stone
unexplored area
unexplored area
unexplored area
unexplored area
stone
corridor
stone
unexplored area
unexplored area
unexplored area
unexplored area
unexplored area
unexplored area
unexplored area
unexplored area
unexplored area
unexplored area
unexplored area
unexplored area
unexplored area
unexplored area
unexplored area
unexplored area
stone
corridor
corridor
stone
stone
stone
stone
stone
unexplored area
unexplored area
unexplored area
unexplored area
stone
corridor
wall
wall
wall
wall
wall
wall
wall
unexplored area
unexplored area
unexplored area
unexplored area
unexplored area
unexplored area
unexplored area
unexplored area
unexplored area
unexplored area
unexplored area
unexplored area
unexplored area
unexplored area
stone
stone
stone
stone
corridor
stone
unexplored area
stone
stone
corridor
stone
unexplored area
unexplored area
stone
stone
stone
stone
corridor
corridor
stone
stone
unexplored area
unexplored area
unexplored area
unexplored area
stone
corridor
stone
unexplored area
unexplored area
unexplored area
unexplored area
unexplored area
unexplored area
unexplored area
unexplored area
unexplored area
unexplored area
unexplored area
unexplored area
unexplored area
unexplored area
unexplored area
unexplored area
stone
stone
corridor
corridor
corridor
corridor
corridor
stone
stone
unexplored area
unexplored area
unexplored area
stone
corridor
corridor
stone
unexplored area
unexplored area
unexplored area
unexplored area
unexplored area
unexplored area
unexplored area
unexplored area
unexplored area
unexplored area
unexplored area
unexplored area
unexplored area
wall
wall
wall
wall
wall
wall
wall
wall
wall
wall
|open door
wall
wall
stone
corridor
%a jackal corpse
stone
unexplored area
unexplored area
stone
corridor
corridor
corridor
corridor
corridor
stone
unexplored area
unexplored area
unexplored area
unexplored area
unexplored area
stone
corridor
stone
unexplored area
unexplored area
unexplored area
unexplored area
unexplored area
unexplored area
unexplored area
unexplored area
unexplored area
unexplored area
unexplored area
unexplored area
unexplored area
unexplored area
unexplored area
unexplored area
unexplored area
stone
stone
stone
stone
stone
corridor
corridor
stone
unexplored area
unexplored area
unexplored area
stone
stone
corridor
stone
unexplored area
unexplored area
unexplored area
unexplored area
unexplored area
unexplored area
unexplored area
unexplored area
unexplored area
unexplored area
unexplored area
unexplored area
unexplored area
wall
da statue of a jackal
.floor of a room
.floor of a room
.floor of a room
.floor of a room
.floor of a room
.floor of a room
.floor of a room
.floor of a room
.floor of a room
.floor of a room
wall
stone
corridor
stone
stone
unexplored area
wall
wall
|open door
wall
wall
corridor
stone
stone
unexplored area
unexplored area
unexplored area
unexplored area
unexplored area
stone
corridor
stone
unexplored area
unexplored area
unexplored area
unexplored area
unexplored area
unexplored area
unexplored area
unexplored area
unexplored area
unexplored area
unexplored area
unexplored area
unexplored area
unexplored area
unexplored area
unexplored area
unexplored area
unexplored area
unexplored area
unexplored area
unexplored area
stone
stone
corridor
stone
stone
stone
stone
stone
stone
corridor
stone
unexplored area
unexplored area
unexplored area
unexplored area
unexplored area
unexplored area
unexplored area
unexplored area
unexplored area
unexplored area
unexplored area
unexplored area
unexplored area
wall
.floor of a room
.floor of a room
.floor of a room
.floor of a room
.floor of a room
.floor of a room
.floor of a room
.floor of a room
@invisible gnomish healer called spontiff
.floor of a room
.floor of a room
.doorway
corridor
corridor
stone
unexplored area
unexplored area
wall
.dark part of a room
.dark part of a room
.dark part of a room
wall
corridor
stone
stone
stone
wall
wall
wall
wall
wall
corridor
stone
unexplored area
unexplored area
unexplored area
unexplored area
unexplored area
unexplored area
unexplored area
unexplored area
unexplored area
unexplored area
unexplored area
unexplored area
unexplored area
unexplored area
unexplored area
unexplored area
unexplored area
unexplored area
unexplored area
unexplored area
unexplored area
unexplored area
stone
corridor
corridor
corridor
corridor
corridor
corridor
stone
corridor
stone
unexplored area
unexplored area
unexplored area
unexplored area
unexplored area
unexplored area
unexplored area
unexplored area
unexplored area
unexplored area
unexplored area
unexplored area
unexplored area
wall
.floor of a room
.floor of a room
.floor of a room
.floor of a room
.floor of a room
.floor of a room
.floor of a room
.floor of a room
.floor of a room
.floor of a room
.floor of a room
wall
stone
stone
stone
stone
stone
wall
.dark part of a room
0a boulder
.dark part of a room
-open door
corridor
corridor
corridor
corridor
-open door
.dark part of a room
.dark part of a room
.dark part of a room
.doorway
corridor
stone
unexplored area
unexplored area
unexplored area
unexplored area
unexplored area
unexplored area
unexplored area
unexplored area
unexplored area
unexplored area
unexplored area
unexplored area
unexplored area
unexplored area
wall
wall
wall
wall
wall
wall
wall
wall
wall
wall
wall
wall
wall
wall
.doorway
wall
corridor
stone
unexplored area
unexplored area
unexplored area
unexplored area
unexplored area
unexplored area
unexplored area
unexplored area
unexplored area
unexplored area
unexplored area
unexplored area
unexplored area
wall
.floor of a room
.floor of a room
.floor of a room
.floor of a room
.floor of a room
.floor of a room
.floor of a room
.floor of a room
.floor of a room
.floor of a room
.floor of a room
.doorway
corridor
corridor
corridor
corridor
corridor
.doorway
.dark part of a room
.dark part of a room
.dark part of a room
wall
corridor
stone
stone
stone
wall
.dark part of a room
.dark part of a room
.dark part of a room
wall
corridor
stone
unexplored area
unexplored area
unexplored area
unexplored area
unexplored area
unexplored area
unexplored area
unexplored area
unexplored area
unexplored area
unexplored area
unexplored area
unexplored area
unexplored area
wall
.dark part of a room
.dark part of a room
.dark part of a room
.dark part of a room
.dark part of a room
.dark part of a room
.dark part of a room
.dark part of a room
.dark part of a room
.dark part of a room
.dark part of a room
.dark part of a room
.dark part of a room
.dark part of a room
.doorway
corridor
stone
unexplored area
unexplored area
unexplored area
unexplored area
unexplored area
unexplored area
unexplored area
unexplored area
unexplored area
unexplored area
unexplored area
unexplored area
unexplored area
wall
.floor of a room
.floor of a room
.floor of a room
.floor of a room
.floor of a room
.floor of a room
.floor of a room
.floor of a room
.floor of a room
.floor of a room
.floor of a room
wall
stone
stone
stone
stone
stone
wall
.dark part of a room
.dark part of a room
.dark part of a room
wall
corridor
corridor
corridor
corridor
.doorway
.dark part of a room
.dark part of a room
.dark part of a room
wall
corridor
stone
stone
stone
stone
stone
stone
stone
stone
stone
stone
stone
stone
stone
stone
stone
wall
.dark part of a room
.dark part of a room
.dark part of a room
.dark part of a room
.dark part of a room
.dark part of a room
.dark part of a room
.dark part of a room
.dark part of a room
.dark part of a room
.dark part of a room
.dark part of a room
.dark part of a room
.dark part of a room
wall
stone
stone
unexplored area
unexplored area
unexplored area
unexplored area
unexplored area
unexplored area
unexplored area
unexplored area
unexplored area
unexplored area
unexplored area
unexplored area
unexplored area
wall
.floor of a room
.floor of a room
.floor of a room
.floor of a room
.floor of a room
.floor of a room
.floor of a room
.floor of a room
.floor of a room
.floor of a room
.floor of a room
wall
unexplored area
unexplored area
unexplored area
unexplored area
unexplored area
wall
wall
wall
wall
wall
stone
stone
stone
stone
wall
wall
wall
wall
wall
corridor
corridor
corridor
corridor
corridor
corridor
corridor
corridor
corridor
corridor
corridor
corridor
corridor
corridor
corridor
corridor
.doorway
.dark part of a room
.dark part of a room
.dark part of a room
.dark part of a room
.dark part of a room
.dark part of a room
.dark part of a room
.dark part of a room
.dark part of a room
.dark part of a room
.dark part of a room
.dark part of a room
.dark part of a room
.dark part of a room
wall
unexplored area
unexplored area
unexplored area
unexplored area
unexplored area
unexplored area
unexplored area
unexplored area
unexplored area
unexplored area
unexplored area
unexplored area
unexplored area
unexplored area
unexplored area
wall
wall
wall
wall
wall
wall
wall
wall
wall
wall
wall
wall
wall
unexplored area
unexplored area
unexplored area
unexplored area
unexplored area
unexplored area
unexplored area
unexplored area
unexplored area
unexplored area
unexplored area
unexplored area
unexplored area
unexplored area
unexplored area
unexplored area
unexplored area
unexplored area
unexplored area
stone
stone
stone
stone
stone
stone
stone
stone
stone
stone
stone
stone
stone
stone
stone
stone
wall
wall
wall
wall
wall
wall
wall
wall
wall
wall
wall
wall
wall
wall
wall
wall
unexplored area
unexplored area
unexplored area
unexplored area
unexplored area
unexplored area
unexplored area
unexplored area
unexplored area
unexplored area
unexplored area
unexplored area
unexplored area
unexplored area
unexplored area
unexplored area
unexplored area
unexplored area
unexplored area
unexplored area
unexplored area
unexplored area
unexplored area
unexplored area
unexplored area
unexplored area
unexplored area
unexplored area
unexplored area
unexplored area
unexplored area
unexplored area
unexplored area
unexplored area
unexplored area
unexplored area
unexplored area
unexplored area
unexplored area
unexplored area
unexplored area
unexplored area
unexplored area
unexplored area
unexplored area
unexplored area
unexplored area
unexplored area
unexplored area
unexplored area
unexplored area
unexplored area
unexplored area
unexplored area
unexplored area
unexplored area
unexplored area
unexplored area
unexplored area
unexplored area
unexplored area
unexplored area
unexplored area
unexplored area
unexplored area
unexplored area
unexplored area
unexplored area
unexplored area
unexplored area
unexplored area
unexplored area
unexplored area
unexplored area
unexplored area
unexplored area
unexplored area
unexplored area
unexplored area
unexplored area
unexplored area
unexplored area
unexplored area
unexplored area
unexplored area
unexplored area
unexplored area
[Spontiff the Empiric ] St:18/23 Dx:9 Co:18 In:11 Wi:14 Ch:17 Neutral S:9197 Dlvl:1 $:0 HP:116(116) Pw:14(43) AC:-23 Xp:5/161 T:47444

Latest messages:

What do you want to use or apply? [cfjkostwxzDUZ or ?*] f
T - a blessed scroll of teleportation.
What do you want to read? [T or ?*] T
As you read the scroll, it disappears.
Where do you want to be teleported?
(For instructions type a '?')
You materialize in a different location!
You escaped the shop without paying!
You stole 5595 zorkmids worth of merchandise.
An alarm sounds!
The Keystone Kops are after you!
You descend the stairs.
Pick an object.
#oh wow: unknown extended command.
#thanks dude: unknown extended command.
What do you want to use or apply? [cfjkostwxzDUZ or ?*] f
You put 2 uncursed emeralds into the bag called holding.
What do you want to use or apply? [cfjkostwxzDUZ or ?*] s
In what direction? h
Status of the Archon (lawful): Level 29 HP 232(232) AC -14, peaceful, fast.
Talk to whom? (in what direction) h
"It's not too late."
What do you want to use or apply? [cfjkostwxzDUZ or ?*] f
What do you want to use or apply? [cfjkostwxzDUZ or ?*] f
What do you want to use or apply? [cfjkostwxzDUZ or ?*] f
e - an uncursed scroll called EIRIS 100z.
What do you want to take off? [ghqrv or ?*] r
You were wearing an uncursed burnt +5 small shield.
You fail to cast the spell correctly.
You fail to cast the spell correctly.
What do you want to wear? [r or ?*] r
You are now wearing a small shield.
What do you want to use or apply? [cfjkostwxzDUZ or ?*] f
You put an uncursed scroll called EIRIS 100z into the bag called holding.
What do you want to use or apply? [cfjkostwxzDUZ or ?*] f
V - a cursed scroll of teleportation.
What do you want to read? [V or ?*] V
As you read the scroll, it disappears.
You materialize on a different level!
Where do you want to travel to?
(For instructions type a '?')
You climb up the stairs.
Where do you want to travel to?
(For instructions type a '?')
You climb up the stairs.
Where do you want to travel to?
(For instructions type a '?')
Beware, there will be no return! Still climb? [yn] (n) y
Do you want your possessions identified? [ynq] (y) y
Do you want to see the dungeon overview? [ynq] (y) q

Inventory:

Amulets

A - an uncursed amulet versus poison (being worn)

Armor

h - an uncursed +0 elven leather helm (being worn)
g - an uncursed +1 pair of leather gloves (being worn)
v - an uncursed +0 pair of elven boots (being worn)
r - an uncursed burnt +5 small shield (being worn)
q - an uncursed +0 robe (being worn)
d - a blessed +0 silver dragon scale mail (being worn)

Comestibles

y - an uncursed berried treasure
o - a blessed eucalyptus leaf
n - an uncursed food ration
m - an uncursed sprig of wolfsbane
p - an uncursed tripe ration
i - an uncursed lizard corpse

Wands

Z - an uncursed wand of cancellation (0:5)
D - an uncursed wand of digging (0:5)

Tools

f - a blessed bag of holding containing 72 items
x - an uncursed brass lantern
z - an uncursed leash
w - an uncursed mirror
U - the blessed Platinum Yendorian Express Card
k - an uncursed skeleton key
s - an uncursed stethoscope
t - an uncursed wet towel named Need DiSh StTC
c - a blessed +0 unicorn horn

Gems/Stones

E - an uncursed jasper stone
l - an uncursed luckstone
j - an uncursed touchstone

Contents of the bag of holding:

2780 gold pieces
an uncursed amulet of magical breathing
an uncursed +0 pair of water walking boots
a blessed +1 shield of reflection
an uncursed +0 cloak of magic resistance
an uncursed +0 elven cloak
a blessed +1 mummy wrapping
an uncursed +0 oilskin cloak
4 uncursed food rations
an uncursed K-ration
an uncursed lembas wafer
3 uncursed tripe rations
3 uncursed lizard corpses
2 uncursed lizard corpses
6 blessed scrolls of blank paper
19 uncursed scrolls of blank paper
2 cursed scrolls of blank paper
2 uncursed scrolls of earth
2 uncursed scrolls of gold detection
3 blessed scrolls of remove curse
2 blessed scrolls of teleportation
6 uncursed scrolls of teleportation
a cursed scroll of teleportation
an uncursed spellbook of cone of cold
a blessed spellbook of cure sickness
an uncursed spellbook of finger of death
a blessed spellbook of healing
a blessed spellbook of identify
an uncursed spellbook of magic mapping
3 uncursed potions of acid
2 uncursed potions of full healing
an uncursed potion of gain ability
an uncursed potion of levitation
a blessed potion of monster detection
2 blessed potions of object detection
an uncursed potion of see invisible
4 potions of holy water
3 potions of unholy water
an uncursed ring of aggravate monster
an uncursed ring of protection from shape changers
an uncursed ring of sustain ability
an uncursed ring of teleportation
a blessed wand of create monster (0:10)
a blessed wand of digging (0:8)
an uncursed wand of digging (0:6)
an uncursed wand of digging (0:5)
an uncursed wand of digging (0:5)
an uncursed wand of light (0:13)
an uncursed wand of light (0:11)
an uncursed wand of lightning (0:7)
an uncursed wand of magic missile (0:6)
an uncursed wand of nothing (0:11)
an uncursed wand of polymorph (0:3)
an uncursed wand of secret door detection (0:14)
an uncursed wand of secret door detection (0:12)
an uncursed wand of sleep (0:0)
an uncursed wand of slow monster (0:7)
an uncursed wand of speed monster (0:4)
an uncursed wand of striking (0:7)
an uncursed wand of striking (0:0)
an uncursed wand of striking (0:0)
an uncursed wand of teleportation (0:4)
an empty uncursed sack
a blessed oil lamp
a blessed oil lamp
an uncursed oil lamp
an uncursed +0 pick-axe
an uncursed +0 unicorn horn
an uncursed amethyst stone
2 uncursed diamonds
3 uncursed emeralds
2 uncursed rubies

Spontiff the Healer's attributes:


Background:

You were an Empiric, a level 5 male gnomish Healer.
You were neutral, on a mission for Hermes
who was opposed by Athena (lawful) and Poseidon (chaotic).
You were in the Dungeons of Doom, on level 1.
You entered the dungeon 47444 turns ago.
You had 161 experience points, 159 more were needed to attain level 6.
Your score was 9197 before end-of-game adjustments.

Basics:

You had all 116 hit points.
You had 14 out of 43 energy points (spell power).
Your armor class was -23.
Your wallet was empty, but
you had 2780 zorkmids stashed away in your pack.
Autopickup was on for '$"?!=/' plus thrown, with exceptions.

FinalCharacteristics:

Your strength was 18/23 (limit:18/50).
Your dexterity was 9 (limit:18).
Your constitution was 18 (limit:18).
Your intelligence was 11 (limit:19).
Your wisdom was 14 (limit:18).
Your charisma was 17 (limit:18).

Final Status:

You were not hungry.
You were unencumbered.
You were empty handed.
You were unskilled in bare handed combat.

Final Attributes:

You were the Envoy of Balance.
You were piously aligned.
You were magic-protected.
You were fire resistant.
You were cold resistant.
You were sleep resistant.
You were shock resistant.
You were poison resistant.
You saw invisible.
You were telepathic.
You had infravision.
You would have confused monsters when hitting them.
You were invisible to others.
You were stealthy.
You aggravated monsters.
You had a large defense bonus (+13).
You were guarded.
You took half spell damage.
You were fast.
You had reflection.
You were extremely lucky.
You had extra luck.
Bad luck did not time out for you.
Good luck did not time out for you.
You survived.

Miscellaneous:
You never encountered a bones level.
Total elapsed playing time was 11 hours, 45 minutes and 51 seconds.

Major events:

Turn

1: spontiff the neutral male gnomish Healer entered the dungeon
1201: entered the Gnomish Mines
2360: reached Mine Town
7685: killed the Oracle
11094: made his first wish - "holy figurine of an Archon", got "a figurine of an Archon"
15817: acquired the Mines' End luckstone
21040: entered Sokoban
21730: completed 1st Sokoban level
22365: completed 2nd Sokoban level
22939: completed 3rd Sokoban level
24353: completed 4th Sokoban level
24471: acquired the Sokoban bag of holding
35003: attained the rank of Empiric (level 3)
39004: made his first artifact wish - "the blessed Platinum Yendorian Express Card", got "a credit card named the Platinum Yendorian Express Card"
39008: wished for "blessed +2 silver dragon scale mail", got "a silver dragon scale mail"
44428: became Hermes' Envoy of Balance
44428: was bestowed with Vorpal Blade
47375: stole 5595 zorkmids worth of merchandise from Kabalebo's general store
47444: escaped

Vanquished creatures:

a gold dragon
a silver dragon
2 red dragons
2 white dragons
a black dragon
2 baluchitheria
5 shopkeepers
the Oracle
4 aligned clerics
a lich
2 nurses
a lurker above
an Aleax
9 black puddings
2 vampires
2 lieutenants
a watch captain
5 ghosts
2 queen bees
5 giant mimics
3 long worms
an umber hulk
3 elven monarchs
a doppelganger
3 large mimics
3 stalkers
a fire elemental
2 hill giants
a black naga
a giant zombie
an elf-noble
4 water demons
a salamander
2 small mimics
3 xans
3 ettin mummies
an ogre leader
4 quantum mechanics
a troll
a sasquatch
a wood golem
a djinni
a shark
an electric eel
a freezing sphere
a large cat
a tiger
a dwarf ruler
a tengu
an ochre jelly
3 leocrottas
a mountain centaur
a red naga
a python
a cobra
2 wraiths
a carnivorous ape
a leather golem
6 Grey-elves
4 watchmen
an amorous demon
2 chameleons
a crocodile
8 giant beetles
2 quivering blobs
6 wolves
a panther
a gremlin
2 spotted jellies
20 leprechauns
an orc-captain
5 iron piercers
7 giant spiders
3 horses
4 vampire bats
3 forest centaurs
2 gnome rulers
4 orc mummies
6 dwarf mummies
5 brown puddings
a rust monster
4 owlbears
3 yetis
5 gold golems
2 werewolves
2 piranha
15 giant eels
6 lizards
a housecat
3 jaguars
4 dwarf leaders
2 blue jellies
6 white unicorns
a gray unicorn
2 black unicorns
a dust vortex
37 ravens
7 plains centaurs
4 gnome mummies
8 snakes
6 water moccasins
4 apes
3 human zombies
5 Woodland-elves
4 soldier ants
35 bugbears
4 imps
a quasit
5 wood nymphs
12 water nymphs
3 mountain nymphs
6 Mordor orcs
3 Uruk-hai
3 orc shamans
10 rock piercers
10 rock moles
8 ponies
8 fog clouds
10 yellow lights
8 shriekers
10 violet fungi
12 gnome leaders
7 gnomish wizards
3 kobold mummies
a red naga hatchling
7 gray oozes
10 elf zombies
2 ghouls
7 straw golems
5 paper golems
2 jellyfish
a baby crocodile
6 giant ants
4 little dogs
11 floating eyes
10 kittens
20 dwarves
10 homunculi
8 kobold leaders
8 kobold shamans
10 hill orcs
16 rothes
11 rabid rats
6 centipedes
10 giant bats
4 monkeys
5 orc zombies
11 dwarf zombies
2 wererats
3 werejackals
18 iguanas
44 killer bees
13 acid blobs
4 coyotes
7 gas spores
11 hobbits
17 manes
9 large kobolds
43 hobgoblins
30 giant rats
14 cave spiders
4 brown molds
18 yellow molds
3 green molds
11 red molds
27 gnomes
6 garter snakes
6 gnome zombies
33 geckos
34 jackals
6 foxes
6 kobolds
18 goblins
12 sewer rats
36 grid bugs
3 bats
38 lichens
10 kobold zombies
40 newts
1210 creatures vanquished.
No species were genocided or became extinct.

Voluntary challenges:

You never hit with a wielded weapon.
You read items or engraved 40 times.
You engraved Elbereth 4 times.
You never genocided any monsters.
You used 3 wishes (1 for an artifact).
You did not violate any of the special Sokoban rules.

Achievements:

You entered the Gnomish Mines.
You entered Minetown.
You entered a shop.
You entered a temple.
You completed the Gnomish Mines.
You entered Sokoban.
You completed Sokoban.
You attained the rank of Empiric.

The Dungeons of Doom: levels 1 to 27

   Level 1: <- You left from here.
Many altars.
Level 2:
Level 3:
Stairs down to The Gnomish Mines.
Level 4:
Level 5:
An untended shop.
Level 6:
Oracle of Delphi.
Level 7: "Stash"
An altar to Hermes.
Stairs up to Sokoban, level 6.
Level 8:
Level 9:
Level 10:
Level 11:
An altar.
Level 12:
Level 13:
Summoned by Hippocrates.
Portal to The Quest.
Level 14:
Level 15:
A primitive area.
Level 16:
Level 17:
Level 18:
A temple.
Level 19:
Level 20:
Level 21:
Level 22: "GENERAL STORE"
A general store, some fountains.
Level 23:
A sink.
Level 24:
A temple, a fountain.
Level 25:
A temple to Hermes, some fountains.
Level 26:
A throne.
Level 27:
A fountain, many trees.

The Gnomish Mines: levels 4 to 12

   Level 4:
Level 5:
Level 6:
Level 7:
Many shops, a temple, a fountain.
Level 8: "Polytrap under GOLD!"
Level 9:
Level 10:
Level 11:
Level 12:
Some fountains.

The Quest:

   Level 1:
An altar to Hermes.
Home.

Sokoban: levels 6 up to 3

   Level 3:
Solved.
Level 4:
Solved.
Level 5:
Solved.
Level 6:
Solved.

Goodbye spontiff the Healer...


You escaped from the dungeon with 50597 points,
The Platinum Yendorian Express Card (worth 7000 zorkmids and 17500 points)
and 2780 pieces of gold, after 47444 moves.
You were level 5 with a maximum of 116 hit points when you escaped.